Workbook

Sheet INSTRUCCIONES
A1: INSTRUCCIONES E INFORMACIÓN
A3: HOJA 1-CENTROS DE TRABAJO (se agregarán tantas filas como sean necesarias)
A4: En a), d) y j) se optará por un nombre identificativo del Centro de Trabajo.
A5: En b) y e) se pondrá la provincia donde se encuentra ubicado el Centro de Trabajo.
A6: En f) se especificará el CNAE de la actividad principal que se realice en el Centro de Trabajo
A7: En g) y k) se pondrán cada una de las cuentas de cotización adscritas a un Centro de Trabajo, según la Relación Nominal de Trabajadores (RNT) de la empresa en el periodo que va desde 01/01/2019 al 31/12/2019.
A8: En h) se pondrá el número de trabajadores adscritos a la cuenta de cotización identificada en la columna g).
A9: En columna i) se rellenará el coste salarial de la suma de los costes salariales de los trabajadores incluidos en la cuenta de cotización, identificada en la columna g), y según el nº de trabajadores identificados en columna h), sin tener en cuenta las cargas sociales y según la Relación Nominal de Trabajadores (RNT) de la empresa en el periodo que va desde el 01/01/2019 al 31/12/2019.
A10: En l) se pondrán los nombres de los trabajadores por Centro de Tranbajo
A11: En m) se debe poner el coste salarial del trabajador sin las cargas sociales
A13: NOTA: Como comprobación, la suma de la columna i) debe ser idéntica a la suma de la columna m).
A15: HOJA 2- ELEGIBILIDAD
... A19: El resultado de esta HOJA 3 es una estimación del importe de la ayuda a conceder, de conformidad con lo mencionado en el artículo 7. "Cuantía de la subvención" del Decreto Ley. No obstante, se debe tomar a título orientativo para rellenar el apartado “Importe solicitado” de la subpantalla incentivos de los formularios online de la SOLICITUD. Ya que el resultado de esta HOJA 3 no significa que importe final de ayuda a conceder por la Agencia IDEA coincida con dicho resultado.

Sheet HOJA 1-CENTROS DE TRABAJO
B2: RAZÓN SOCIAL | C2: EJEMPLO1
B3: NÚNERO DE IDENTIFICACIÓN FISCAL (NIF/DNI) | C3: EJEMPLO2
B4: CÓDIGO EXPEDIENTE | C4: EJEMPLO3
B7: 1.1 CENTROS DE TRABAJO FUERA DE ANDALUCÍA (CTFA), EN 2019
B9: a) Denominación del Centro de Trabajo | C9: b) Provincia | D9: c) Nº trabajadores en el Centro de Trabajo
B16: 1.2 CENTROS DE TRABAJO EN ANDALUCÍA (CTA), Y RELACIÓN DE COSTES SLARIALES POR CUENTA DE COTIZACIÓN, EN 2019
B18: d) Denominación del Centro de Trabajo | C18: e) Provincia | D18: f) CNAE de la Actividad Principal en el Centro de Trabajo | E18: g) Cuenta de cotización | F18: h) Nº trabajadores en cuenta de cotización | G18: i) Coste salarial de Cuenta de Cotización (€)
G19: 1
B26: TOTAL | F26: =SUM(F19:F25) -> 0 | G26: =SUM(G19:G25) -> 1
B29: 1.3 RELACIÓN DE COSTES SALARIALES EN CENTROS DE TRABAJO DE ANDALUCIA, POR TRABAJADORES EN 2019
B31: j) Denominación del Centro de Trabajo | C31: k) Cuenta de cotización | D31: l) Nombre del Trabajador | E31: m) Coste salarial Trabajador (€)
E32: 1
B39: TOTAL | E39: =SUM(E32:E38) -> 1
B41: NOTA: Como comprobación, la suma del apartado i) debe ser idéntica a la suma del apartado m).
B43: AUTOCORRECCIÓN: | C43: =+IF((G26-E39)=0,"CORRECTO","ERRONEO") -> CORRECTO

Sheet HOJA 2-ELEGIBILIDAD
B5: RAZÓN SOCIAL | F5: ='HOJA 1-CENTROS DE TRABAJO'!C2 -> EJEMPLO1
B6: NÚNERO DE IDENTIFICACIÓN FISCAL (NIF/DNI) | F6: ='HOJA 1-CENTROS DE TRABAJO'!C3 -> EJEMPLO2
B7: CÓDIGO EXPEDIENTE | F7: ='HOJA 1-CENTROS DE TRABAJO'!C4 -> EJEMPLO3
K10: ELEGIBILIDAD | M10: REFERENCIAS
A12: 2 | B12: NÚMERO DE EMPLEADOS MEDIO EN LA EMPRESA DESDE EL 01/01/2019 HASTA 31/12/2019, INCLUYENDO SOCIOS TRABAJADORES DADOS DE ALTA EN RETA. (Nota: Según Informe de Plantilla Media Trabajadores en Alta en 2019) | I12: 0 | K12: =IF(AND((I12-10)>=0,(I12-250)<0),"SI","NO") -> NO | M12: >=10;<250
A14: 3 | B14: VARIACION VOLUMEN DE VENTAS EN ANDALUCIÍA 1 SEMESTRE 2019 - 2020 | I14: =((I15+I16)-(I17+I18))/(I15+I16) -> 0 | K14: =IF(I14>0.25,"SI","NO") -> NO
B15: VOLUMEN DE VENTAS TOTALES EN EL 1ER TRIMESTRE 2019 Nota: Declaraciones de IVA , primer trimestre año 2019, Modelo 303 (Suma de las Casillas 01+04+07+14 del Apartado (3) Liquidación, más las ventas de exportacion casillas 59 y 60 | I15: 1 | M15: 0.25
B16: VOLUMEN DE VENTAS TOTALES EN EL 2º TRIMESTRE 2019 Nota: Declaraciones de IVA , segundot trimestre año 2019, Modelo 303 (Suma de las Casillas 01+04+07+14 del Apartado (3) Liquidación, más las ventas de exportacion casillas 59 y 60 | I16: 1
B17: VOLUMEN DE VENTAS TOTALES EN EL 1ER TRIMESTRE 2020 Nota: Declaraciones de IVA , primer trimestre año 2020, Modelo 303 (Suma de las Casillas 01+04+07+14 del Apartado (3) Liquidación, más las ventas de exportacion casillas 59 y 60 | I17: 1
B18: VOLUMEN DE VENTAS TOTALES EN EL 2º TRIMESTRE 2020 Nota: Declaraciones de IVA , segundo trimestre año 2020 Modelo 303 (Suma de las Casillas 01+04+07+14 del Apartado (3) Liquidación, más las ventas de exportacion casillas 59 y 60 | I18: 1
B19: COSTE SALARIAL ANUAL TOTAL DE LA EMPRESA EN 2019 Nota: Importes de las claves: (A) "Rendimientos de trabajo por cuenta ajena" + (E): "Retribuciones abonadas a consejeros y administradores", del Modelo 190 "Resumen Anual del ejercicio 2019" | I19: 1
B20: COSTE SALARIAL ANUAL DE 2019 EN TODOS LOS CENTROS DE TRABAJO UBICADOS EN ANDALUCÍA (Nota: Suma de costes salariales del total de Centros de Trabajo en Andalucía) | I20: ='HOJA 1-CENTROS DE TRABAJO'!G26 -> 1
B22: ELEGIBLE | K22: =IF(AND(K12="Si",K14="SI"),"SI","NO") -> NO
I24: FACTOR ELEGIBILIDAD | K24: =IF(K22="SI",1,0) -> 0

Sheet HOJA 3-CALCULO AYUDA
A6: RAZÓN SOCIAL | E6: ='HOJA 1-CENTROS DE TRABAJO'!C2 -> EJEMPLO1
A7: NÚNERO DE IDENTIFICACIÓN FISCAL (NIF/DNI) | E7: ='HOJA 1-CENTROS DE TRABAJO'!C3 -> EJEMPLO2
A8: CÓDIGO EXPEDIENTE | E8: ='HOJA 1-CENTROS DE TRABAJO'!C4 -> EJEMPLO3
A11: DATOS ECONÓMICOS NECESARIOS PARA EL CÁLCULO DE LA AYUDA
A13: 1 | B13: NÚMERO DE EMPLEADOS MEDIO EN LA EMPRESA DESDE EL 01/01/2019 HASTA 31/12/2019, INCLUYENDO SOCIOS TRABAJADORES DADOS DE ALTA EN RETA. (Nota: Según Informe de Plantilla Media Trabajadores en Alta en 2019) | I13: ='HOJA 2-ELEGIBILIDAD'!I12 -> 0
A14: 2 | B14: VOLUMEN DE VENTAS TOTALES EN EL 1ER TRIMESTRE 2019 Nota: Declaraciones de IVA , primer trimestre año 2019, Modelo 303 (Suma de las Casillas 01+04+07 del Apartado (3) Liquidación, más las ventas de exportacion casillas 59 y 60 | I14: ='HOJA 2-ELEGIBILIDAD'!I15 -> 1
A15: 3 | B15: VOLUMEN DE VENTAS TOTALES EN EL 2º TRIMESTRE 2019 Nota: Declaraciones de IVA , segundo trimestre año 2019, Modelo 303 (Suma de las Casillas 01+04+07 del Apartado (3) Liquidación, más las ventas de exportacion casillas 59 y 60 | I15: ='HOJA 2-ELEGIBILIDAD'!I16 -> 1
A16: 4 | B16: VOLUMEN DE VENTAS TOTALES EN EL 1ER TRIMESTRE 2020 Nota: Declaraciones de IVA , primer trimestre año 2020, Modelo 303 (Suma de las Casillas 01+04+07 del Apartado (3) Liquidación, más las ventas de exportacion casillas 59 y 60 | I16: ='HOJA 2-ELEGIBILIDAD'!I17 -> 1
A17: 5 | B17: VOLUMEN DE VENTAS TOTALES EN EL 2º TRIMESTRE 2020 Nota: Declaraciones de IVA , segundo trimestre año 2020, Modelo 303 (Suma de las Casillas 01+04+07 del Apartado (3) Liquidación, más las ventas de exportacion casillas 59 y 60 | I17: ='HOJA 2-ELEGIBILIDAD'!I18 -> 1
A18: 6 | B18: COSTE SALARIAL ANUAL TOTAL DE LA EMPRESA EN 2019 Nota: Importes de las claves: (A) "Rendimientos de trabajo por cuenta ajena" + (E): "Retribuciones abonadas a consejeros y administradores", del Modelo 190 "Resumen Anual del ejercicio 2019" | I18: ='HOJA 2-ELEGIBILIDAD'!I19 -> 1
A19: 7 | B19: COSTE SALARIAL ANUAL DE 2019 EN TODOS LOS CENTROS DE TRABAJO UBICADOS EN ANDALUCÍA (Nota: Suma de costes salariales del total de Centros de Trabajo en Andalucía) | I19: =+'HOJA 1-CENTROS DE TRABAJO'!G26 -> 1
A20: 8 | B20: VOLUMEN TOTAL DE VENTAS 2019 Nota: Según suma de casillas 01+03+05+29 del apartado "5. Operaciones realizadas en régimen general (IVA devengado / Régimen Ordinario)", más las casillas 103 y 104 del apartado 10. Volumen de Operaciones del Modelo 390 del ejercicio 2019. | I20: 0
A22: VENTAS EN ANDALUCÍA, 2019 | I22: =+I20*(I19/I18) -> 0
A23: CÁLCULO DE NECESIDADES DE CAPITAL CIRCULANTE SEGÚN ARTÍCULO 7.1 DE LA ORDEN REGULADORA | I23: =IF(0.25*I20*(I19/I18)<=2*I19,0.25*I20*(I19/I18), 2*I19) -> 0
A25: CUANTÍA SUBVENCIÓN
B28: VENTAS | D28: DE | E28: HASTA | F28: % SOBRE 25% DE LAS VENTAS
B29: PRIMER TRAMO | D29: 0 | E29: 3500000 | F29: 15,00 %
B30: SEGUNDO TRAMO | D30: 3500000 | E30: 9000000 | F30: 5,00 %
B31: TERCER TRAMO | D31: 9000000 | E31: 18000000 | F31: 2,00 %
B32: ÚLTIMO TRAMO | D32: 18000000 | F32: 0,75 %
A34: PRECALCULO INCENTIVO | C34: FACTOR | D34: BAREMO MÁXIMO | E34: IMPORTE TRAMO BÁSICO | F34: IMPORTE ADICIONAL | G34: SUBVENCIÓN
A35: SUBVENCIÓN PRIMER TRAMO | C35: =+IF((I23-0.25*E29)>=0,1,0) -> 0 | D35: =+E29*0.15*0.25 -> 131250 | E35: =+IF((C35=1),D35,0)*'HOJA 2-ELEGIBILIDAD'!K24 -> 0 | F35: =+IF((C35=0),I23*0.15,0)*'HOJA 2-ELEGIBILIDAD'!K24 -> 0 | G35: =+E35+F35 -> 0
A36: SUBVENCIÓN SEGUNDO TRAMO | C36: =+IF((I23-E30*0.25)>=0,1,0) -> 0 | D36: =(E30-E29)*0.05*0.25 -> 68750 | E36: =IF(C36=1,$D$36,0)*'HOJA 2-ELEGIBILIDAD'!K24 -> 0 | F36: =+IF(OR(C36=1,C35=0),0,(I23-E29*0.25)*0.05)*'HOJA 2-ELEGIBILIDAD'!K24 -> 0 | G36: =+E36+F36 -> 0
A37: SUBVENCIÓN TERCER TRAMO | C37: =+IF((I23-E31*0.25)>=0,1,0) -> 0 | D37: =(E31-E30)*0.02*0.25 -> 45000 | E37: =IF(C37=1,$D$37,0)*'HOJA 2-ELEGIBILIDAD'!K24 -> 0 | F37: =+IF(OR(C37=1,C36=0),0,(I23-E30*0.25)*0.02)*'HOJA 2-ELEGIBILIDAD'!K24 -> 0 | G37: =+E37+F37 -> 0
A38: SUBVENCIÓN ÚLTIMO TRAMO | C38: =+IF((I23-E31*0.25)>=0,1,0) -> 0 | D38: =+IF((C38=1),((I23-E31*0.25)*0.0075),0) -> 0 | E38: 0 | F38: =+D38*'HOJA 2-ELEGIBILIDAD'!K24 -> 0 | G38: =+E38+F38 -> 0
A39: SUBVENCIÓN TOTAL | G39: =SUM(G35:G38) -> 0
A40: IMPORTE MÁXIMO A CONCEDER (Según Art. 7.4 Decreto-Ley) | G40: =IF(SUM(G35:G38)>300000,300000,SUM(G35:G38)) -> 0
